 Dungeon Crawl Stone Soup version 0.21.1-1-g345015fe64 (webtiles) character file.

190 Mrkan the Insei (level 5, -3/33 HPs)
             Began as an Octopode Transmuter on May 10, 2018.
             Slain by Duvessa
             ... wielding a +0 short sword
              (10 damage)
             ... on level 4 of the Dungeon.
             The game lasted 00:06:49 (3206 turns).

Mrkan the Insei (Octopode Transmuter)               Turns: 3206, Time: 00:06:50

Health: -3/33      AC:  1    Str:  9    XL:     5   Next: 69%
Magic:  5/8        EV: 13    Int: 17    God:
Gold:   142        SH:  0    Dex: 12    Spells: 5/8 levels left

rFire    . . .     SeeInvis .     - Unarmed
rCold    . . .     Gourm    .   (no shield)
rNeg     . . .     Faith    .   (helmet restricted)
rPois    .         Spirit   .   (no amulet)
rElec    .         Reflect  .   (no ring)
rCorr    .         Harm     .   (no ring)
MR       .....                  (no ring)
Stlth    ++........             (no ring)
HPRegen  0.11/turn              (no ring)
MPRegen  0.11/turn              (no ring)
                                (no ring)
                                (no ring)

@: appendage (expiring)
A: almost no armour, stealthy swim, amphibious, 8 rings, constrict 8, tentacle
spike 3, camouflage 1, gelatinous body 1
a: End Transformation


You were on level 4 of the Dungeon.
You were hungry.
One of your tentacles had a temporary spike.
You visited 1 branch of the dungeon, and saw 4 of its levels.

You collected 142 gold pieces.

Inventory:

Missiles
 a - 66 arrows
Jewellery
 d - a cursed ring of teleportation {unknown}
 m - a cursed -4 ring of strength {unknown}
Wands
 o - a wand of acid (8)
Scrolls
 h - a scroll of enchant weapon {unknown}
 i - 3 scrolls of identify {unknown}
 l - a scroll of blinking {unknown}
 n - a scroll of teleportation {unknown}
Potions
 e - a potion of might {unknown}
 f - a potion of curing {unknown}
 g - a potion of ambrosia {unknown}
 k - a potion of brilliance {unknown}
Books
 b - a book of Changes

   Spells                             Type                      Level
   a - Beastly Appendage              Transmutation                1
   b - Sticks to Snakes               Transmutation                2
   c - Spider Form                    Transmutation/Poison         3
   d - Ice Form                       Ice/Transmutation            4
   e - Blade Hands                    Transmutation                5
Comestibles
 c - 8 rations


   Skills:
 - Level 1.0 Fighting
 - Level 2.0 Dodging
 * Level 4.8 Unarmed Combat
 - Level 2.0 Spellcasting
 * Level 4.2 Transmutations


You had 5 spell levels left.
You knew the following spells:

 Your Spells              Type           Power        Failure   Level  Hunger
a - Beastly Appendage     Tmut           ###...       3%          1    #......
b - Sticks to Snakes      Tmut           ###.....     4%          2    ###....


Dungeon Overview and Level Annotations

Branches:
Dungeon (4/15)
 Temple: D:4-7

Altars:
Cheibriados

Annotations:
D:4 Dowan, Duvessa


Innate Abilities, Weirdness & Mutations

You cannot wear most types of armour.
You are very stealthy in the water. (Stealth+)
You are amphibious.
You can wear up to eight rings at the same time.
You can use your tentacles to constrict eight enemies at once.
Your skin changes colour to match your surroundings (Stealth+).
Your rubbery body absorbs attacks. (AC +1, EV +1)
One of your tentacles bears a large vicious spike.


Message History

You create a snake!
You now have 66 arrows.
You are feeling hungry.
You feel sick. Duvessa hits you with a short sword.
* * * LOW HITPOINT WARNING * * *
Dowan hits your ball python with a dagger.
Your ball python bites Dowan.
Your ball python grabs Dowan.
Your ball python constricts Dowan.
Your transformation is almost over.
Dowan completely misses something.
Your ball python loses its grip on Dowan.
The jackal bites your ball python.
Your ball python dies!
Found a stone staircase leading down.
You feel sick.
You are no longer poisoned.
Something hits your ball python.
There is a stone staircase leading down here.
You can't go up here!
Duvessa hits you with a short sword!
You die...

............#....#.....#
#....#.######...###.##...
###. #.######..## #.####
....<..[.## #..
..#..####..## ### #.#
##eS..# #. #S#.#..# ..
#e#.$#..# #@###.###
##....# ###.#


You could see Duvessa, Dowan and a friendly ball python.

Vanquished Creatures
  An orc priest (D:3)
  An orc wizard (D:3)
  4 adders
  A worm (D:3)
  6 dart slugs
  A leopard gecko (D:3)
  5 orcs (D:3)
  10 bats
  8 giant cockroaches
  9 goblins
  9 hobgoblins
  3 jackals (D:1)
  7 kobolds
  4 frilled lizards
  4 rats
73 creatures vanquished.

Notes
Turn   | Place    | Note
-------+----------+-------------------------------------------
     0 | D:1      | Mrkan the Octopode Transmuter began the quest for the Orb.
     0 | D:1      | Reached XP level 1. HP: 13/13 MP: 3/3
   200 | D:1      | Reached XP level 2. HP: 15/18 MP: 3/5
   552 | D:1      | Reached XP level 3. HP: 20/23 MP: 4/6
  1318 | D:1      | Learned a level 2 spell: Sticks to Snakes
  1330 | D:2      | Found a snail-covered altar of Cheibriados.
  1494 | D:2      | Reached XP level 4. HP: 19/28 MP: 5/7
  2806 | D:3      | Reached XP level 5. HP: 30/33 MP: 6/8
  3182 | D:4      | Noticed Dowan
  3184 | D:4      | Noticed Duvessa
  3206 | D:4      | Slain by Duvessa

Skill      XL: |  1  2  3  4  5 |
---------------+----------------+-----
Transmutations | 3 4 |  4.2
Unarmed Combat | 4 |  4.8
Fighting       | |  1.0
Dodging        | |  2.0
Spellcasting   | |  2.0

Action                   |  1- 3 |  4- 6 || total
-------------------------+-------+-------++-------
Melee: Unarmed           |    79 |    82 ||   161
       Constrict         |    28 |    24 ||    52
       Tentacles         |    11 |    16 ||    27
       Kick              |     6 |     9 ||    15
       Punch             |     2 |     2 ||     4
 Cast: Beastly Appendage |     9 |     6 ||    15
       Sticks to Snakes  |       |     2 ||     2
 Stab: Sleeping          |     3 |     6 ||     9
  Eat: Chunk             |     2 |     5 ||     7
Armor: Skin              |    13 |     6 ||    19
Dodge: Dodged            |    55 |    40 ||    95
